TOP OF THE 1ST |
Milwaukee Brewers batting - Pitching for Chicago White Sox : RHP Rubby De La Rosa
|
Pitching: RHP Rubby De La Rosa
|
|
Batting: RHB Tommy Pham
|
0-0: Swinging Strike 0-1: Ball 1-1: Ball 2-1: Swinging Strike 2-2: DOUBLE (Groundball, 5L)
|
Batting: RHB Aaron Judge
|
0-0: Fly out, F6 (Popup, 6D)
|
Batting: RHB Logan Forsythe
|
0-0: Ball 1-0: Ball 2-0: Foul Ball, location: 2F 2-1: Foul Ball, location: 2F 2-2: Ball 3-2: Base on Balls
|
Batting: RHB Miguel Cabrera
|
0-0: Ball 1-0: Ball 2-0: Foul Ball, location: 2F 2-1: Grounds into double play, 1-4-3 (Groundball, 15S)
|
Top of the 1st over - 0 runs, 1 hit, 0 errors, 1 left on base; Milwaukee 0 - Chicago 0 |
BOTTOM OF THE 1ST |
Chicago White Sox batting - Pitching for Milwaukee Brewers : RHP Hisashi Iwakuma
|
Pitching: RHP Hisashi Iwakuma
|
|
Batting: LHB Michael Brantley
|
0-0: Called Strike 0-1: Ground out 6-3 (Groundball, 6M)
|
Batting: LHB Charlie Blackmon
|
0-0: Fly out, F1 (Popup, 15)
|
Batting: LHB Daniel Murphy
|
0-0: Ball 1-0: Foul Ball, location: 2F 1-1: Ground out 4-3 (Groundball, 4)
|
Bottom of the 1st over - 0 runs, 0 hits, 0 errors, 0 left on base; Milwaukee 0 - Chicago 0 |
TOP OF THE 2ND |
Milwaukee Brewers batting - Pitching for Chicago White Sox : RHP Rubby De La Rosa
|
Batting: RHB Eugenio Suarez
|
0-0: Fly out, F7 (Flyball, 7)
|
Batting: LHB Lucas Duda
|
0-0: Ball 1-0: Ball 2-0: Called Strike 2-1: Ball 3-1: Ground out 5-3 (Groundball, 6S)
|
Batting: RHB Addison Russell
|
0-0: Ball 1-0: SINGLE (Line Drive, 78S)
|
Batting: LHB Seth Smith
|
0-0: Called Strike 0-1: Ground out 4-3 (Groundball, 4)
|
Top of the 2nd over - 0 runs, 1 hit, 0 errors, 1 left on base; Milwaukee 0 - Chicago 0 |
BOTTOM OF THE 2ND |
Chicago White Sox batting - Pitching for Milwaukee Brewers : RHP Hisashi Iwakuma
|
Batting: RHB J.D. Martinez
|
0-0: Ball 1-0: Swinging Strike 1-1: Ball 2-1: Foul Ball, location: 2F 2-2: Ball 3-2: Foul Ball, location: 2F 3-2: Base on Balls
|
Batting: RHB Jonathan Lucroy
|
0-0: Ball Pickoff Throw by Catcher to First - Out! 1-0: Fly out, F9 (Flyball, 89XD)
|
Batting: LHB Brandon Belt
|
0-0: Ball 1-0: Foul Ball, location: 2F 1-1: Ground out 3-1 (Groundball, 34)
|
Bottom of the 2nd over - 0 runs, 0 hits, 0 errors, 0 left on base; Milwaukee 0 - Chicago 0 |
TOP OF THE 3RD |
Milwaukee Brewers batting - Pitching for Chicago White Sox : RHP Rubby De La Rosa
|
Batting: RHB Austin Barnes
|
0-0: Ball 1-0: Called Strike 1-1: Ball 2-1: Foul Ball, location: 2F 2-2: Strikes out swinging
|
Batting: RHB Tommy Pham
|
0-0: Called Strike 0-1: Swinging Strike 0-2: Ball 1-2: Ball 2-2: Ground out 6-3 (Groundball, 6)
|
Batting: RHB Aaron Judge
|
0-0: Called Strike 0-1: Swinging Strike 0-2: Ball 1-2: Ball 2-2: Foul Ball, location: 2F 2-2: Ball 3-2: Fly out, F1 (Line Drive, P)
|
Top of the 3rd over - 0 runs, 0 hits, 0 errors, 0 left on base; Milwaukee 0 - Chicago 0 |
BOTTOM OF THE 3RD |
Chicago White Sox batting - Pitching for Milwaukee Brewers : RHP Hisashi Iwakuma
|
Batting: LHB Corey Seager
|
0-0: Ball 1-0: Ball 2-0: Foul Ball, location: 2F 2-1: Swinging Strike 2-2: Ball 3-2: Foul Ball, location: 2F 3-2: Fly out, F7 (Flyball, 7)
|
Batting: LHB Andrew Toles
|
0-0: Ball 1-0: Ball 2-0: Foul Ball, location: 2F 2-1: Foul Ball, location: 2F 2-2: Foul Ball, location: 2F 2-2: Strikes out swinging
|
Batting: LHB Marco Hernandez
|
0-0: Ball 1-0: Foul Ball, location: 2F 1-1: Foul Ball, location: 2F 1-2: SINGLE (Line Drive, 78M)
|
Batting: LHB Michael Brantley
|
0-0: Ball Marco Hernandez is caught stealing 2nd base 2-6
|
Bottom of the 3rd over - 0 runs, 1 hit, 0 errors, 0 left on base; Milwaukee 0 - Chicago 0 |
TOP OF THE 4TH |
Milwaukee Brewers batting - Pitching for Chicago White Sox : RHP Rubby De La Rosa
|
Batting: RHB Logan Forsythe
|
0-0: Ball 1-0: Swinging Strike 1-1: Ball 2-1: Ball 3-1: Base on Balls
|
Batting: RHB Miguel Cabrera
|
0-0: Ball 1-0: Foul Ball, location: 2F 1-1: Called Strike 1-2: Fly out, F1 (Line Drive, P)
|
Batting: RHB Eugenio Suarez
|
0-0: Foul Ball, location: 2F 0-1: Ball 1-1: Foul Ball, location: 2F 1-2: Ball 2-2: Fielders Choice at 2nd, 1-6 (Groundball, 34S)
|
Batting: LHB Lucas Duda
|
0-0: Ball 1-0: Foul Ball, location: 2F 1-1: Ball 2-1: Ball 3-1: Called Strike 3-2: Ground out U3 (Groundball, 3)
|
Top of the 4th over - 0 runs, 0 hits, 0 errors, 1 left on base; Milwaukee 0 - Chicago 0 |
BOTTOM OF THE 4TH |
Chicago White Sox batting - Pitching for Milwaukee Brewers : RHP Hisashi Iwakuma
|
Batting: LHB Michael Brantley
|
0-0: Called Strike 0-1: Ground out 6-3 (Groundball, 6)
|
Batting: LHB Charlie Blackmon
|
0-0: SINGLE (Line Drive, 4MD)
|
Batting: LHB Daniel Murphy
|
0-0: Called Strike 0-1: Ball 1-1: Ball 2-1: SINGLE (Line Drive, 4MD) Charlie Blackmon to second
|
Batting: RHB J.D. Martinez
|
0-0: Ball 1-0: Called Strike 1-1: Foul Ball, location: 2F Balk! Charlie Blackmon to third Daniel Murphy to second 1-2: Ball 2-2: SINGLE (Line Drive, 9S) Charlie Blackmon scores Daniel Murphy to third Runner from 3rd tries for Home, SAFE, throw by RF to home
|
Batting: RHB Jonathan Lucroy
|
0-0: Ball 1-0: Called Strike 1-1: Grounds into double play, 6-4-3 (Groundball, 6M)
|
Bottom of the 4th over - 2 runs, 3 hits, 0 errors, 0 left on base; Milwaukee 0 - Chicago 2 |
TOP OF THE 5TH |
Milwaukee Brewers batting - Pitching for Chicago White Sox : RHP Rubby De La Rosa
|
Batting: RHB Addison Russell
|
0-0: Called Strike 0-1: Called Strike 0-2: SINGLE (Line Drive, 9S)
|
Batting: LHB Seth Smith
|
0-0: Swinging Strike 0-1: Swinging Strike 0-2: Ball 1-2: Foul Ball, location: 2F 1-2: Fielders Choice at 2nd, 1-6 (Groundball, 34S)
|
Batting: RHB Austin Barnes
|
0-0: Ball 1-0: Ball 2-0: Foul Ball, location: 2F 2-1: SINGLE (Groundball, 4D) Seth Smith to second Runner from 2nd tries for 3rd, SAFE, no throw by RF
|
Batting: RHB Tommy Pham
|
0-0: Ball 1-0: Foul Ball, location: 2F 1-1: Ball 2-1: Foul Ball, location: 2F 2-2: Ball 3-2: SINGLE (Groundball, 34D) Seth Smith scores Austin Barnes to second Runner from 2nd tries for 3rd, SAFE, no throw by RF
|
Batting: RHB Aaron Judge
|
0-0: Ball 1-0: Called Strike 1-1: Fly out, F3 (Popup, 23F)
|
Pitching: RHP Antonio Senzatela
|
|
Batting: RHB Logan Forsythe
|
0-0: Ball Tommy Pham steals 2nd base 1-0: Foul Ball, location: 2F 1-1: Called Strike 1-2: Ball 2-2: Foul Ball, location: 2F 2-2: Ground out U3 (Groundball, 3)
|
Top of the 5th over - 1 run, 3 hits, 0 errors, 2 left on base; Milwaukee 1 - Chicago 2 |
BOTTOM OF THE 5TH |
Chicago White Sox batting - Pitching for Milwaukee Brewers : RHP Hisashi Iwakuma
|
Batting: LHB Brandon Belt
|
0-0: Ball 1-0: Called Strike 1-1: Foul Ball, location: 2F 1-2: Strikes out swinging
|
Batting: LHB Corey Seager
|
0-0: Ball 1-0: Called Strike 1-1: SINGLE (Line Drive, 34D)
|
Batting: LHB Andrew Toles
|
0-0: Ball 1-0: Called Strike 1-1: DOUBLE (Line Drive, 9LM) Corey Seager to third Corey Seager scores
|
Batting: LHB Marco Hernandez
|
0-0: Ball 1-0: Called Strike 1-1: Foul Ball, location: 2F 1-2: SINGLE (Flyball, 7LS) Andrew Toles to third Runner from 3rd tries for Home, SAFE, no throw by LF
|
Pitching: RHP Nick Rumbelow
|
|
Batting: LHB Michael Brantley
|
0-0: Foul Ball, location: 2F 0-1: Fly out, F7 (Flyball, 7S)
|
Batting: LHB Charlie Blackmon
|
0-0: Called Strike Marco Hernandez steals 2nd base 0-1: Ball 1-1: DOUBLE (Line Drive, 9LD) Marco Hernandez scores
|
Batting: LHB Daniel Murphy
|
0-0: Ball 1-0: Ball 2-0: Ball 3-0: Called Strike 3-1: Base on Balls
|
Batting: RHB J.D. Martinez
|
0-0: Swinging Strike 0-1: Ball 1-1: Ball 2-1: Fly out, F8 (Line Drive, 8LD)
|
Bottom of the 5th over - 3 runs, 4 hits, 0 errors, 2 left on base; Milwaukee 1 - Chicago 5 |
TOP OF THE 6TH |
Milwaukee Brewers batting - Pitching for Chicago White Sox : RHP Antonio Senzatela
|
Batting: RHB Miguel Cabrera
|
0-0: Reached on error, E2 (Groundball, 15S)
|
Batting: RHB Eugenio Suarez
|
0-0: Ball 1-0: Called Strike 1-1: Called Strike 1-2: Strikes out swinging
|
Batting: LHB Lucas Duda
|
0-0: Ball 1-0: Hit by Pitch
|
Batting: RHB Addison Russell
|
0-0: Swinging Strike 0-1: Foul Ball, location: 2F 0-2: Strikes out swinging
|
Batting: LHB Seth Smith
|
0-0: Ground out 4-3 (Groundball, 4)
|
Top of the 6th over - 0 runs, 0 hits, 1 error, 2 left on base; Milwaukee 1 - Chicago 5 |
BOTTOM OF THE 6TH |
Chicago White Sox batting - Pitching for Milwaukee Brewers : RHP Nick Rumbelow
|
Batting: RHB Jonathan Lucroy
|
0-0: Ball 1-0: SINGLE (Line Drive, 89S)
|
Batting: LHB Brandon Belt
|
0-0: Foul Ball, location: 2F 0-1: Called Strike 0-2: SINGLE (Flyball, 89M) Jonathan Lucroy to second Runner from 2nd tries for 3rd, SAFE, no throw by CF
|
Batting: LHB Corey Seager
|
0-0: Grounds into double play, 3-6-3 (Groundball, 3) Jonathan Lucroy scores
|
Batting: LHB Andrew Toles
|
0-0: Ground out 5-3 (Groundball, 56)
|
Bottom of the 6th over - 1 run, 2 hits, 0 errors, 0 left on base; Milwaukee 1 - Chicago 6 |
TOP OF THE 7TH |
Milwaukee Brewers batting - Pitching for Chicago White Sox : RHP Antonio Senzatela
|
Batting: RHB Austin Barnes
|
0-0: Ball 1-0: Called Strike 1-1: Ball 2-1: Foul Ball, location: 2F 2-2: DOUBLE (Line Drive, 9LS)
|
Batting: RHB Tommy Pham
|
0-0: Called Strike 0-1: Foul Ball, location: 2F 0-2: Ground out 4-3 (Groundball, 4) Austin Barnes to third
|
Batting: RHB Aaron Judge
|
0-0: Foul Ball, location: 2F 0-1: Ball 1-1: Ball 2-1: Foul Ball, location: 2F 2-2: Foul Ball, location: 2F 2-2: Ball 3-2: Foul Ball, location: 2F 3-2: DOUBLE (Line Drive, 5D) Austin Barnes scores
|
Batting: RHB Logan Forsythe
|
0-0: Called Strike 0-1: Ball 1-1: Foul Ball, location: 2F 1-2: Ball 2-2: Strikes out swinging
|
Batting: RHB Miguel Cabrera
|
0-0: DOUBLE (Line Drive, 7LS) Aaron Judge scores
|
Pitching: LHP Jose Alvarado
|
|
Batting: RHB Eugenio Suarez
|
0-0: Ball 1-0: Ball 2-0: Ball 3-0: Base on Balls
|
Batting: LHB Lucas Duda
|
0-0: Swinging Strike 0-1: Foul Ball, location: 2F 0-2: Strikes out looking
|
Top of the 7th over - 2 runs, 3 hits, 0 errors, 2 left on base; Milwaukee 3 - Chicago 6 |
BOTTOM OF THE 7TH |
Chicago White Sox batting - Pitching for Milwaukee Brewers : RHP Nick Rumbelow
|
Pitching: RHP Pat Neshek
|
|
Batting: LHB Marco Hernandez
|
0-0: Ball 1-0: SINGLE (Groundball, 4MD)
|
Batting: LHB Michael Brantley
|
0-0: Foul Ball, location: 2F 0-1: SINGLE (Line Drive, 8RS) Marco Hernandez to second Runner from 2nd tries for 3rd, SAFE, throw by CF made to third
|
Batting: LHB Charlie Blackmon
|
0-0: Fly out, F4 (Popup, 34S)
|
Batting: LHB Daniel Murphy
|
0-0: Called Strike 0-1: Called Strike 0-2: Ball 1-2: Foul Ball, location: 2F 1-2: Foul Ball, location: 2F 1-2: Strikes out looking
|
Batting: RHB J.D. Martinez
|
0-0: Fly out, F7 (Flyball, 7S)
|
Bottom of the 7th over - 0 runs, 2 hits, 0 errors, 2 left on base; Milwaukee 3 - Chicago 6 |
TOP OF THE 8TH |
Milwaukee Brewers batting - Pitching for Chicago White Sox : LHP Jose Alvarado
|
Pitching: LHP Richard Lovelady
|
|
Batting: RHB Addison Russell
|
0-0: Ball 1-0: Ball 2-0: Called Strike 2-1: Ball 3-1: Foul Ball, location: 2F 3-2: Base on Balls
|
Batting: LHB Seth Smith
|
0-0: Ball 1-0: Called Strike 1-1: Called Strike 1-2: Foul Ball, location: 2F 1-2: Strikes out looking
|
Batting: RHB Austin Barnes
|
0-0: Ball 1-0: Swinging Strike 1-1: Foul Ball, location: 2F 1-2: Ball 2-2: Ball 3-2: Base on Balls Addison Russell to second
|
Pitching: LHP Jared Miller
|
|
Batting: RHB Tommy Pham
|
0-0: Ball 1-0: Ball 2-0: Fielders Choice at 2nd, 5-4 (Groundball, 56S) Addison Russell to third
|
Batting: RHB Aaron Judge
|
0-0: Ball Wild Pitch! Addison Russell scores Tommy Pham to second 1-0: Ground out 5-3 (Groundball, 56)
|
Top of the 8th over - 1 run, 0 hits, 0 errors, 1 left on base; Milwaukee 4 - Chicago 6 |
BOTTOM OF THE 8TH |
Chicago White Sox batting - Pitching for Milwaukee Brewers : RHP Pat Neshek
|
Pitching: LHP Grant Dayton
|
|
Batting: RHB Jonathan Lucroy
|
0-0: Called Strike 0-1: Swinging Strike 0-2: Ball 1-2: Fly out, F7 (Flyball, 7)
|
Batting: LHB Brandon Belt
|
0-0: Ball 1-0: Called Strike 1-1: Foul Ball, location: 2F 1-2: Fly out, F8 (Line Drive, 8LD)
|
Batting: LHB Corey Seager
|
0-0: Swinging Strike 0-1: Ball 1-1: Called Strike 1-2: Strikes out swinging
|
Bottom of the 8th over - 0 runs, 0 hits, 0 errors, 0 left on base; Milwaukee 4 - Chicago 6 |
TOP OF THE 9TH |
Milwaukee Brewers batting - Pitching for Chicago White Sox : LHP Jared Miller
|
Pitching: RHP Trevor Gott
|
|
Batting: RHB Logan Forsythe
|
0-0: Ball 1-0: Foul Ball, location: 2F 1-1: Swinging Strike 1-2: Strikes out swinging
|
Batting: RHB Miguel Cabrera
|
0-0: Foul Ball, location: 2F 0-1: Swinging Strike 0-2: Strikes out swinging
|
Batting: RHB Eugenio Suarez
|
0-0: Ball 1-0: Foul Ball, location: 2F 1-1: Called Strike 1-2: Strikes out looking
|
Top of the 9th over - 0 runs, 0 hits, 0 errors, 0 left on base; Milwaukee 4 - Chicago 6 |
|